 Dungeon Crawl Stone Soup version 0.27.0-1-g7a089689b8 (webtiles) character file.

Game seed: 2791875537858937356

19 SnakkuSnakku7 the Skirmisher (level 2, -4/32 HPs)
             Began as an Ogre Delver on Aug 6, 2021.
             Slain by a mummy (13 damage)
             ... in an ossuary.
             The game lasted 00:00:56 (435 turns).

SnakkuSnakku7 the Skirmisher (Ogre Delver)           Turns: 435, Time: 00:00:57

Health: -4/32      AC:  3    Str: 15    XL:     2   Next: 75%
Magic:  2/2        EV:  9    Int: 11    God:
Gold:   0          SH:  0    Dex: 10    Spells: 1/1 levels left

rFire    . . .     SeeInvis .   a - +0 mace
rCold    . . .     Faith    .   (no shield)
rNeg     . . .     Spirit   .   b - +0 robe
rPois    .         Reflect  .   (helmet restricted)
rElec    .         Harm     .   (no cloak)
rCorr    .         Rampage  .   (gloves unavailable)
Will     .....                  (boots unavailable)
Stlth    ++........             (no amulet)
HPRegen  0.10/turn              (no ring)
MPRegen  0.08/turn              (no ring)

@: no status effects
A: large, unfitting armour, tough skin 1
a: no special abilities


You were in an ossuary.
You visited 1 branch of the dungeon, and saw 1 of its levels.
You also visited: Ossuary.

Inventory:

Hand Weapons
 a - a +0 mace (weapon)
Missiles
 i - a boomerang (quivered)
Armour
 b - a +0 robe (worn)
Wands
 g - a wand of digging (3)
Scrolls
 c - a scroll of fog
 d - a scroll of magic mapping
 e - a scroll of fear
 j - a scroll of identify {unknown}
Potions
 f - a potion of haste
 h - 2 potions of attraction {unknown}


   Skills:
 - Level 4.0 Fighting
 + Level 2.9 Maces & Flails
 - Level 1.7 Dodging
 - Level 3.7 Stealth


You had one spell level left.
You didn't know any spells.
Your spell library was empty.

Dungeon Overview and Level Annotations

Branches:
Dungeon (5/15)            Ossuary (1/1)
 Temple: D:4-7

Altars:


Innate Abilities, Weirdness & Mutations

You are too large for most types of armour.
You have tough skin. (AC +1)


Message History

You throw a boomerang. The boomerang hits the mummy.
The mummy is severely damaged.
Unknown command.
You thump the mummy!
You destroy the mummy!
Throw: boomerang
Press: ? - help, Q - select action Shift-Dir - straight line, f - mummy
Aim: a mummy (73% to hit)
You throw a boomerang. The boomerang hits the mummy.
The mummy is lightly damaged.
Unknown command.
Throw: boomerang
Press: ? - help, Q - select action Shift-Dir - straight line, f/p - mummy
Aim: a mummy (lightly damaged, 73% to hit)
You throw a boomerang. The boomerang barely misses the mummy.
Unknown command.
Throw: boomerang
Press: ? - help, Q - select action Shift-Dir - straight line, f/p - mummy
Aim: a mummy (lightly damaged, 73% to hit)
You throw a boomerang. The boomerang barely misses the mummy.
Unknown command.
Throw: boomerang
Press: ? - help, Q - select action Shift-Dir - straight line, f/p - mummy
Aim: a mummy (lightly damaged, 73% to hit)
You throw a boomerang. The boomerang barely misses the mummy.
Unknown command.
You hit the mummy but do no damage.
The mummy is lightly damaged.
You hit the mummy but do no damage.
The mummy is lightly damaged.
The mummy hits you!!
Ouch! That really hurt!
You thump the mummy!
The mummy is heavily damaged.
The mummy hits you.
* * * LOW HITPOINT WARNING * * *
You hit the mummy.
The mummy is severely damaged.
The mummy hits you!
You die...

#......
#....#
#....#
#....#
#....#
#....#
#....#
#...M#
#...@#
#.∩∩.#
######


You could see a mummy.

Vanquished Creatures
  A mummy (Ossuary)
  2 gnoll zombies (Ossuary)
  2 hobgoblin zombies (Ossuary)
  A kobold zombie (Ossuary)
  An orc zombie (Ossuary)
  2 quokka zombies (D:5)
9 creatures vanquished.

Notes
Turn   | Place    | Note
-------+----------+-------------------------------------------
     0 | D:5      | SnakkuSnakku7 the Ogre Delver began the quest for the Orb.
     0 | D:5      | Reached XP level 1. HP: 24/24 MP: 1/1
    30 | D:5      | Found a sand-covered staircase.
    51 | Ossuary  | Entered an ossuary
    98 | Ossuary  | HP: 1/24 [hobgoblin zombie (2)]
   182 | Ossuary  | Reached XP level 2. HP: 11/32 MP: 2/2
   435 | Ossuary  | Slain by a mummy

Illustrated notes

Levels and vault maps discovered:
D:5:      layout_cave_pods, enter_ossuary_4, kennysheep_generic_room_8
Ossuary:  ossuary_tomb_3

Skill      XL: |  1 |
---------------+----+-----
Maces & Flails | 2 |  2.9
Fighting       | |  4.0
Dodging        | |  1.7
Stealth        | |  3.7

Action                   || total
-------------------------++-------
Melee: Mace              ||    38
Throw: Boomerang         ||     8
 Stab: Sleeping          ||     2
Armor: Robe              ||    11
Dodge: Dodged            ||    12
